 Dungeon Crawl Stone Soup version 0.29-a0-1052-g6990b1bffc (webtiles) character file.

Game seed: 13922148077352753935

85 ketsa the Firebug (level 4, 0/33 HPs)
             Began as a Demigod Fire Elementalist on Aug 17, 2022.
             Slain by an orc
             ... wielding a +0 mace
              (3 damage)
             ... on level 2 of the Dungeon.
             The game lasted 00:07:51 (2911 turns).

ketsa the Firebug (Demigod Fire Elementalist)       Turns: 2911, Time: 00:07:51

Health: 0/33       AC:  5    Str:  9    XL:     4   Next: 5%
Magic:  5/10       EV: 12    Int: 27    God:
Gold:   76         SH:  0    Dex: 14    Spells: 4/7 levels left

rFire   . . .      SeeInvis .   g - +1 dagger (venom)
rCold   + . .      Faith    .   (no shield)
rNeg    . . .      Spirit   .   a - +0 robe
rPois   .          Reflect  .   (no helmet)
rElec   .          Harm     .   n - +2 cloak
rCorr   .          Rampage  .   (no gloves)
Will    .....                   (no boots)
Stlth   ++........              (no amulet)
HPRegen 0.11/turn               d - +6 ring of intelligence
MPRegen 0.12/turn               h - ring of protection from cold

@: no status effects
A: high MP 1, forlorn, divine attributes
a: no special abilities


You were on level 2 of the Dungeon.
You visited 1 branch of the dungeon, and saw 3 of its levels.

You collected 76 gold pieces.

Inventory:

Hand Weapons
 g - a +1 dagger of venom (weapon)
Armour
 a - a +0 robe (worn)
 n - a +2 cloak (worn)
Jewellery
 d - a +6 ring of intelligence (left hand)
 h - a ring of protection from cold (right hand)
 m - a +4 ring of slaying
Scrolls
 i - a scroll of torment {unknown}
 j - a scroll of noise {unknown}
 o - a scroll of enchant weapon
 q - a scroll of identify
Potions
 b - a potion of magic
 c - 3 potions of mutation
 e - 2 potions of attraction
 f - 2 potions of invisibility {unknown}
 k - a potion of flight {unknown}
 l - a potion of might {unknown}
 p - a potion of heal wounds {unknown}


   Skills:
 - Level 1.7 Dodging
 - Level 1.7 Stealth
 + Level 2.4 Spellcasting
 * Level 2.7 Conjurations
 + Level 3.2 Fire Magic


You had 4 spell levels left.
You knew the following spells:

 Your Spells              Type           Power      Damage    Failure   Level
a - Foxfire               Conj/Fire      76%        2x1d7     2%          1
b - Scorch                Fire           42%        2d7       3%          2

Your spell library contained the following spells:

 Spells                   Type           Power      Damage    Failure   Level
 Conjure Flame            Conj/Fire      19%        6-21      9%          3
 Inner Flame              Hex/Fire       12%        N/A       14%         3
 Flame Wave               Conj/Fire      19%        2d7       26%         4
 Summon Guardian Golem    Hex/Summ       3%         N/A       28%         3
 Orb of Destruction       Conj           8%         9d6       100%        7
 Spellforged Servitor     Conj/Summ      5%         N/A       100%        7


Dungeon Overview and Level Annotations

Branches:
Dungeon (3/15)

Shops:
D:1 ?

Annotations:
D:2 Terence


Innate Abilities, Weirdness & Mutations

You have an increased reservoir of magic. (+10% MP)
You shall have no god before yourself.
Your divine heritage dramatically boosts your attributes as you level up.


Message History

The foxfire hits the orc but does no damage. x2
Casting: Foxfire (safe; 2% risk of failure)
Confirm with . or Enter, or press ? or * to list all spells.
You conjure some foxfire!
The orc barely misses you. The orc hits you but does no damage.
The foxfire hits the orc.
The orc is moderately wounded.
The foxfire hits the orc!
The orc is almost dead.
The orc hits you with a +0 mace. The orc hits you with a +0 short sword.
Casting: Foxfire (safe; 2% risk of failure)
Confirm with . or Enter, or press ? or * to list all spells.
You conjure some foxfire!
The orc barely misses you.
The foxfire hits the orc.
You kill the orc!
The foxfire hits the orc but does no damage.
The orc is moderately wounded.
The orc hits you with a +0 mace. The orc hits you with a +0 flail.
Casting: Foxfire (safe; 2% risk of failure)
Confirm with . or Enter, or press ? or * to list all spells.
You conjure some foxfire!
The orc hits you with a +0 mace. The orc hits you with a +0 flail.
The foxfire hits the orc but does no damage.
The orc is moderately wounded.
The foxfire hits the orc!
You kill the orc!
The orc hits you with a +0 mace.
* * * LOW HITPOINT WARNING * * *
Casting: Foxfire (safe; 2% risk of failure)
Confirm with . or Enter, or press ? or * to list all spells.
You conjure some foxfire!
The orc hits you with a +0 mace.
* * * LOW HITPOINT WARNING * * *
The foxfire hits the orc but does no damage.
The orc is moderately wounded.
The foxfire hits the orc but does no damage.
The orc is moderately wounded.
The orc closely misses you.
Casting: Foxfire (safe; 2% risk of failure)
Confirm with . or Enter, or press ? or * to list all spells.
You conjure some foxfire!
The orc hits you with a +0 mace.
You die...

...# #.#.#
#######.#.###.#
...###.#.#
#.............#
.......#.#
#.#######...###
...#####.# #.#
#....# ...# #.#
#.# #...## ...#
#.# #.# ###...#
...# ### #.#
#....># ...#
8..####o####.#...#
...#
......)@v..#.#...#
##### ##.####v#.##
##### ....# ..#.#
##### #### #


You could see an orc (ally target).

Vanquished Creatures
  An adder (D:2)
  A worm (D:2)
  2 dart slugs
  3 orcs
  4 ball pythons
  8 bats
  6 endoplasms
  3 giant cockroaches
  6 goblins
  6 hobgoblins
  4 jackals (D:1)
  5 quokkas
  2 frilled lizards
  4 kobolds
  2 rats (D:1)
57 creatures vanquished.

Vanquished Creatures (others)
  164 foxfires
164 creatures vanquished.

Grand Total: 221 creatures vanquished

Notes
Turn   | Place    | Note
-------+----------+-------------------------------------------
     0 | D:1      | ketsa the Demigod Fire Elementalist began the quest for the
                  | Orb.
     0 | D:1      | Reached XP level 1. HP: 14/14 MP: 5/5
    42 | D:1      | Reached skill level 1 in Conjurations
   252 | D:1      | Found Heah's Magic Scroll Emporium.
   303 | D:1      | Reached XP level 2. HP: 13/20 MP: 0/7
   523 | D:1      | Learned a level 2 spell: Scorch
   809 | D:1      | Reached skill level 3 in Fire Magic
  1407 | D:1      | Reached XP level 3. HP: 26/26 MP: 6/8
  1799 | D:2      | Noticed Terence
  1913 | D:2      | You fall into a shaft and drop 1 floor!
  2825 | D:2      | Reached XP level 4. HP: 33/33 MP: 8/10
  2911 | D:2      | Slain by an orc

Illustrated notes

Levels and vault maps discovered:
D:1:      dpeg_arrival_fog, layout_loops_ring, serial_shops,
          nicolae_diamond_shop
D:2:      layout_basic, basic_altar, ebering_ecumenical_altar_box,
          chequers_decorated_corner, uniq_terence
D:3:      layout_loops_ring, minmay_increasing_density

Skill      XL: |  1  2 |
---------------+-------+-----
Conjurations   | 1 2 |  2.7
Spellcasting   | 2 |  2.4
Fire Magic     | 3 |  3.2
Dodging        | |  1.7
Stealth        | |  1.7

Action                   |  1- 3 |  4- 6 || total
-------------------------+-------+-------++-------
 Cast: Foxfire           |    98 |     6 ||   104
       Scorch            |     2 |       ||     2
  Use: Scroll            |     6 |       ||     6
Armor: Robe              |     7 |     1 ||     8
Dodge: Dodged            |    43 |     3 ||    46

Table legend: (Time is in decaauts)
 A = Elapsed time spent in this place.
 B = Non-inter-level travel time spent in this place.
 C = Inter-level travel time spent in this place.
 D = Time resting spent in this place.
 E = Time spent auto-exploring this place.
 F = Levels seen in this place.
 G = Mean time per level.
                   A        B        C        D        E       F      G
               +--------+--------+--------+--------+--------+-----+--------+
         Total |   2909 |   2846 |     63 |    758 |   1507 |   3 |  969.7 |
       Dungeon |   2909 |   2846 |     63 |    758 |   1507 |   3 |  969.7 |
               +--------+--------+--------+--------+--------+-----+--------+

Top non-repeatable levels by time:
     D:1: 1713 daAuts
     D:2: 713 daAuts
     D:3: 482 daAuts
